 Dungeon Crawl Stone Soup version 0.31-a0-986-g5e6e4ef867 (webtiles) character file.

Game seed: 2143451715236069848

190 Dittersdorf the Shield-Bearer (level 5, -2/34 HPs)
             Began as a Gargoyle Fighter on Nov 3, 2023.
             Slain by an orc
             ... wielding a +0 short sword
              (3 damage)
             ... on level 3 of the Dungeon.
             The game lasted 00:02:15 (2361 turns).

Dittersdorf the Shield-Bearer (Gargoyle Fighter)    Turns: 2361, Time: 00:02:15

Health: -2/34      AC: 12    Str: 22    XL:     5   Next: 69%
Magic:  5/5        EV:  9    Int:  8    God:
Gold:   125        SH:  4    Dex:  9    Spells: 4/4 levels left

rFire   . . .        a - +0 flail
rCold   . . .        c - +0 buckler
rNeg    + . .        b - +0 scale mail
rPois   ∞            (no helmet)
rElec   +            (no cloak)
rCorr   .            (no gloves)
SInv    .            u - +0 pair of boots
Will    .....        r - amulet of faith Stlth
                     (no ring)
HPRegen 0.25/turn    (no ring)
MPRegen 0.09/turn

%: faith
@: no status effects
A: sickness immunity, AC +4, negative energy resistance 1, electricity
resistance, torment resistance 1, petrification resistance
a: no special abilities


You were on level 3 of the Dungeon.
You visited 1 branch of the dungeon, and saw 3 of its levels.

You collected 125 gold pieces.

Inventory:

Hand Weapons
 a - a +0 flail (weapon)
Missiles
 l - 6 poisoned darts (quivered)
Armour
 b - a +0 scale mail (worn)
 c - a +0 buckler (worn)
 o - a +0 plate armour
 u - a +0 pair of boots (worn)
Jewellery
 r - an amulet of faith (around neck)
Scrolls
 f - a scroll of vulnerability {unknown}
 g - 2 scrolls of butterflies {unknown}
 h - a scroll of fear {unknown}
 i - 2 scrolls of noise {unknown}
 j - 2 scrolls of identify {unknown}
 q - a scroll of revelation {unknown}
Potions
 d - a potion of might
 e - 3 potions of brilliance {unknown}
 k - 6 potions of curing {unknown}
 m - a potion of resistance {unknown}
 n - a potion of invisibility {unknown}
 p - a potion of magic {unknown}
 s - a potion of attraction {unknown}
 t - a potion of ambrosia {unknown}


   Skills:
 + Level 4.4 Fighting
 + Level 3.2 Maces & Flails
 + Level 4.3 Armour
 + Level 4.4 Shields


You had 4 spell levels left.
You didn't know any spells.
Your spell library contained the following spells:

 Spells                   Type           Power      Damage    Failure   Level
 Magic Dart               Conj           0%         1d3       80%         1
 Searing Ray              Conj           0%         2d4       90%         2
 Static Discharge         Conj/Air       0%         3-3/arc   90%         2
 Airstrike                Air            0%         2d(0-16)  100%        4
 Fulminant Prism          Conj/Hex       0%         3d5       100%        4
 Summon Lightning Spire   Summ/Air       0%         N/A       100%        4


Dungeon Overview and Level Annotations

Branches:
Dungeon (3/15)

Altars:


Innate Abilities, Weirdness & Mutations

You are immune to sickness and miasma.
Your stone body is resilient. (AC +4)
You are immune to poison.
You resist negative energy. (rN+)
You are resistant to electric shocks. (rElec)
You are resistant to unholy torment.
You are immune to petrification.


Message History

The orc barely misses you. The orc hits you but does no damage.
You hear some strange, mumbled words.
A magic dart appears from out of thin air!
The magic dart hits you.
* * * LOW HITPOINT WARNING * * *
You hit something.
Reactivating autopickup.
You feel a bit more experienced. The orc hits you with a +0 short sword.
* * * LOW HITPOINT WARNING * * *
The orc misses you. The orc hits you but does no damage.
The orc attacks as it pursues you! The orc completely misses you.
An orc breaks down the door.
The orc attacks as it pursues you! The orc hits you but does no damage.
The orc attacks as it pursues you! The orc barely misses you.
The orc attacks as it pursues you! The orc closely misses you.
The orc attacks as it pursues you! The orc hits you but does no damage.
The orc attacks as it pursues you! The orc hits you but does no damage.
You hit the orc.
The orc is severely wounded.
The orc hits you but does no damage.
You hit the orc.
The orc is lightly wounded.
The orc hits you with a +0 club.
* * * LOW HITPOINT WARNING * * *
You barely miss the orc.
The orc is lightly wounded.
The orc hits you but does no damage. x2
You hit the orc but do no damage.
The orc is lightly wounded.
The orc hits you but does no damage. The orc closely misses you.
You hit the orc.
The orc is heavily wounded.
The orc hits you with a +0 club.
* * * LOW HITPOINT WARNING * * *
The orc barely misses you. The orc hits you but does no damage.
The orc barely misses you.
You hit the orc.
You kill the orc!
The orc hits you with a +0 short sword.
You die...

....... ##..## ##########
...#...##....# #.........
......)......####....#####
...................###
########'........###
......#.........# ####+
#.........# #o#.......#
#@#.......########
#.o..#......##...#
#.#########....... #.#
##...... #.######
###......
+.......##........
.........#.##..... ...
#......#...# #......#####


You could see 2 orcs.

Vanquished Creatures
  An orc priest (D:3)
  An orc wizard (D:3)
  3 gnolls (D:3)
  2 adders (D:3)
  2 worms
  2 dart slugs (D:1)
  4 orcs (D:3)
  5 endoplasms
  A giant cockroach (D:1)
  8 goblins
  8 hobgoblins
  6 jackals
  2 quokkas
  4 ball pythons
  8 bats
  2 frilled lizards (D:1)
  9 kobolds
  7 rats
75 creatures vanquished.

Notes
Turn   | Place    | Note
-------+----------+-------------------------------------------
     0 | D:1      | Dittersdorf the Gargoyle Fighter began the quest for the
                  | Orb.
     0 | D:1      | Reached XP level 1. HP: 14/14 MP: 1/1
    80 | D:1      | Reached XP level 2. HP: 19/19 MP: 2/2
   523 | D:1      | Reached XP level 3. HP: 23/23 MP: 3/3
  1192 | D:2      | Reached XP level 4. HP: 29/29 MP: 4/4
  1738 | D:2      | Found Ypeeroh's Magic Scroll Boutique.
  2107 | D:3      | Reached XP level 5. HP: 15/33 MP: 5/5
  2360 | D:3      | HP: 1/34 [orc/+0 club (2)]
  2361 | D:3      | Slain by an orc

Illustrated notes

Levels and vault maps discovered:
D:1:      shiori_arrival_oz, layout_loops_cross
D:2:      minmay_wonky_spiral, layout_basic, serial_shops, shop,
          glass_columns_b, dk_vineyard_1
D:3:      layout_rooms, nicolae_overflow_hidden_temple, tgw_fedhas,
          chequers_arboretum, hangedman_glass_teeth, minivault_11,
          grunt_ministairs_6, minmay_misc_feat_diagonals

Skill      XL: |  1  2  3  4 |
---------------+-------------+-----
Shields        | 4 |  4.4
Fighting       | 4 |  4.4
Armour         | 4 |  4.3
Maces & Flails | 3 |  3.2

Action                     |  1- 3 |  4- 6 || total
---------------------------+-------+-------++-------
  Melee: Flail             |   135 |   123 ||   258
 Armour: Scale mail        |   121 |   160 ||   281
  Dodge: Dodged            |    79 |    83 ||   162
  Block: Buckler           |    32 |    40 ||    72

Table legend: (Time is in decaauts)
 A = Elapsed time spent in this place.
 B = Non-inter-level travel time spent in this place.
 C = Inter-level travel time spent in this place.
 D = Time resting spent in this place.
 E = Time spent auto-exploring this place.
 F = Levels seen in this place.
 G = Mean time per level.
                   A        B        C        D        E       F      G
               +--------+--------+--------+--------+--------+-----+--------+
         Total |   2439 |   2265 |    174 |     69 |   1630 |   3 |  813.0 |
       Dungeon |   2439 |   2265 |    174 |     69 |   1630 |   3 |  813.0 |
               +--------+--------+--------+--------+--------+-----+--------+

Top non-repeatable levels by time:
     D:2: 1153 daAuts
     D:1: 821 daAuts
     D:3: 465 daAuts
